 Dungeon Crawl Stone Soup version 0.28-a0-1493-g08698888e4 (webtiles) character file.

Game seed: 16353402512476042571

52 lunkers the Covert (level 3, -2/28 HPs)
             Began as a Vampire Delver on Jan 12, 2022.
             Killed by divine providence
             ... invoked by an orc priest
              (12 damage)
             ... on level 3 of the Dungeon.
             The game lasted 00:01:04 (299 turns).

lunkers the Covert (Vampire Delver)                  Turns: 299, Time: 00:01:04

Health: -2/28      AC:  5    Str: 11    XL:     3   Next: 60%
Magic:  3/3        EV: 10    Int: 14    God:
Gold:   0          SH:  0    Dex: 15    Spells: 2/2 levels left

rFire   . . .      SeeInvis +   a - +0 short sword
rCold   . . .      Faith    .   (no shield)
rNeg    . . .      Spirit   .   h - +0 ring mail
rPois   .          Reflect  .   (no helmet)
rElec   .          Harm     .   (no cloak)
rCorr   .          Rampage  .   (no gloves)
Will    .....                   (no boots)
Stlth   +++.......              (no amulet)
HPRegen 0.29/turn               (no ring)
MPRegen 0.08/turn               (no ring)

@: healing quickly
A: alive, fangs 3, see invisible, vampiric 2
a: Exsanguinate


You were on level 3 of the Dungeon.
You visited 1 branch of the dungeon, and saw 3 of its levels.

Inventory:

Hand Weapons
 a - a +0 short sword (weapon)
Armour
 b - a +0 leather armour
 h - a +0 ring mail (worn)
Wands
 g - a wand of digging (3)
Scrolls
 c - a scroll of fog
 d - a scroll of magic mapping
 e - a scroll of fear
Potions
 f - a potion of haste


   Skills:
 - Level 2.6 Fighting
 + Level 3.4 Short Blades
 - Level 2.1 Dodging
 + Level 8.3 Stealth


You had 2 spell levels left.
You didn't know any spells.
Your spell library was empty.

Dungeon Overview and Level Annotations

Branches:
Dungeon (5/15)
 Temple: D:4-7

Altars:


Innate Abilities, Weirdness & Mutations

Your natural rate of healing is accelerated.
You have razor-sharp teeth.
You have supernaturally acute eyesight. (SInv)
You are afflicted with vampirism and can become a bat while bloodless.


Message History

You hit the hobgoblin.
You kill the hobgoblin!
You hit the endoplasm.
The endoplasm is lightly wounded.
The endoplasm jiggles.
The endoplasm freezes you.
You are frozen.
* * * LOW HITPOINT WARNING * * *
You hit the endoplasm.
You kill the endoplasm!
Items here: )) [ ††.
You start resting.
HP restored.
The orc priest shouts!
A hound skeleton comes into view.
You closely miss the orc priest. The orc priest barely misses you.
You hit the orc priest. Your bite misses the orc priest.
The orc priest is lightly wounded.
The orc priest hits you but does no damage.
You hit the orc priest.
The orc priest is moderately wounded.
The orc priest mumbles some strange prayers to Beogh against you.
Beogh smites you!
* * * LOW HITPOINT WARNING * * *
You hit the orc priest.
The orc priest is severely wounded.
The orc priest hits you with a +0 flail!
* * * LOW HITPOINT WARNING * * *
You closely miss the orc priest.
The orc priest is severely wounded.
The orc priest hits you but does no damage.
You hit the orc priest but do no damage.
You bite the orc priest, but do no damage.
The orc priest is severely wounded.
The orc priest barely misses you.
You hit the orc priest.
The orc priest is almost dead.
The orc priest mumbles some strange prayers to Beogh against you.
Beogh smites you!
You die...

.5#©..... ..###
####.....# #...#
#........# #.# .
........># #)# ⌠≈
.........# #.# ..
#.#####..#####.# .#
#..............# ⌠P#
#.#.....##.....##.⌠.###
......(.....)..@oZ⌠P.PP
.....)..##.....##..≈≈⌠≈
...............##......
#.#.....#.............#
# ##......†.######.#..#
#.######.# .# #. #.# #
# #.# #.#


You could see an orc priest and a hound skeleton.

Vanquished Creatures
  A hound (D:4)
  An adder (D:3)
  3 orcs (D:3)
  3 endoplasms (D:3)
  A giant cockroach (D:3)
  A hobgoblin (D:3)
10 creatures vanquished.

Vanquished Creatures (others)
  4 fungi (D:4)
4 creatures vanquished.

Grand Total: 14 creatures vanquished

Notes
Turn   | Place    | Note
-------+----------+-------------------------------------------
     0 | D:5      | lunkers the Vampire Delver began the quest for the Orb.
     0 | D:5      | Reached XP level 1. HP: 17/17 MP: 1/1
     4 | D:5      | Noticed a centaur
    23 | D:4      | Noticed a hound
    42 | D:4      | Killed a hound
    43 | D:4      | Reached skill level 8 in Stealth
    43 | D:4      | Reached XP level 2. HP: 8/23 MP: 2/2
    43 | D:4      | Gained mutation: You are afflicted with vampirism and can
                  | become a bat while bloodless. [Vampire growth]
    43 | D:4      | Reached XP level 3. HP: 10/28 MP: 3/3
   196 | D:3      | HP: 1/28 [frozen (5)]
   299 | D:3      | Killed from afar by an orc priest

Illustrated notes

Levels and vault maps discovered:
D:3:      layout_loops_ring, shapermc_ecumenical_altar_acropolis,
          gammafunk_ghost_abyssal_escape, minmay_strange_pillars,
          grunt_decor_one_mirror, serial_bayou_pond_c, kennysheep_generic_room_4
D:4:      layout_loops_ring, nicolae_sif_muna_condensation, temple_pool_b,
          serial_aquarium, aquarium_bridge_square [aquarium_subvault_balcony,
          aquarium_subvault_balcony, aquarium_subvault_window,
          aquarium_subvault_bridge], aquarium_window_fake, aquarium_window_1,
          aquarium_view_2f, serial_shops, nicolae_stop_n_shop_1,
          ebering_ghost_sewer_d
D:5:      layout_loops_ring, chequers_temple_overflow_statue_of_worship

Skill      XL: |  1 |
---------------+----+-----
Short Blades   | 3 |  3.4
Stealth        | 8 |  8.3
Fighting       | |  2.6
Dodging        | |  2.1

Action                   || total
-------------------------++-------
Melee: Short sword       ||    52
       Bite              ||     9
 Stab: Sleeping          ||     2
Armor: Leather armour    ||     2
       Ring mail         ||    10
Dodge: Dodged            ||    19

Table legend: (Time is in decaauts)
 A = Elapsed time spent in this place.
 B = Non-inter-level travel time spent in this place.
 C = Inter-level travel time spent in this place.
 D = Time resting spent in this place.
 E = Time spent auto-exploring this place.
 F = Levels seen in this place.
 G = Mean time per level.
                   A        B        C        D        E       F      G
               +--------+--------+--------+--------+--------+-----+--------+
         Total |    295 |    295 |      0 |     88 |     89 |   3 |   98.3 |
       Dungeon |    295 |    295 |      0 |     88 |     89 |   3 |   98.3 |
               +--------+--------+--------+--------+--------+-----+--------+

Top non-repeatable levels by time:
     D:3: 159 daAuts
     D:4: 120 daAuts
     D:5: 16 daAuts
